 Dungeon Crawl Stone Soup version 0.31.0-11-ge490571c62 (webtiles) character file.

Game seed: 1570482900740220850

10 browni3141 the Trooper (level 2, 20/24 HPs)
             Began as a Demonspawn Cinder Acolyte on Jan 31, 2024.
             Was a High Priest of Ignis.
             Got out of the dungeon alive.
             The game lasted 00:00:11 (171 turns).

browni3141 the Trooper (Demonspawn Cinder Acolyte)   Turns: 171, Time: 00:00:12

Health: 20/24      AC:  3    Str: 14    XL:     2   Next: 10%
Magic:  3/3        EV: 11    Int: 14    God:    Ignis [*****.]
Gold:   0          SH:  0    Dex:  8    Spells: 3/3 levels left

rFire   + . .        a - -1 mace (flame)
rCold   . . .        (no shield)
rNeg    . . .        b - +0 robe
rPois   .            (no helmet)
rElec   .            (no cloak)
rCorr   .            (no gloves)
SInv    .            (no boots)
Will    .....        (no amulet)
Stlth   +            (no ring)
HPRegen 0.24/turn    (no ring)
MPRegen 0.08/turn

%: no passive effects
@: no status effects
A: sharp scales 1
a: Renounce Religion, Fiery Armour, Foxfire Swarm, Rising Flame


You escaped.
You worshipped Ignis.
Ignis was extremely pleased with you.
You visited 1 branch of the dungeon, and saw 1 of its levels.

Inventory:

Hand Weapons
 a - a -1 mace of flaming (weapon)
Armour
 b - a +0 robe (worn)


   Skills:
 + Level 3.1 Fighting
 + Level 2.8 Maces & Flails
 + Level 1.2 Spellcasting
 + Level 2.8 Fire Magic


You had 3 spell levels left.
You didn't know any spells.
Your spell library contained the following spells:

 Spells                   Type           Power      Damage    Failure   Level
 Scorch                   Fire           16%        2d5       12%         2


Dungeon Overview and Level Annotations

Branches:
Dungeon (1/15)

Altars:


Innate Abilities, Weirdness & Mutations

You are partially covered in razor-sharp scales. (AC +1, Slay +1)


Message History

There are monsters nearby!
A frilled lizard comes into view.
There are monsters nearby!
The frilled lizard hisses angrily.
You hit the hobgoblin. You burn the hobgoblin.
You kill the hobgoblin!
A jackal comes into view.
The jackal closely misses you.
There are monsters nearby!
You barely miss the jackal. The jackal misses you.
You barely miss the jackal.
The jackal barks!
The jackal bites you. The jackal barely misses you.
The jackal bites you but does no damage.
The jackal bites you.
You hit the jackal but do no damage. The jackal barely misses you.
The jackal bites you but does no damage.
The jackal barely misses you. x2
The jackal attacks as it pursues you! The jackal misses you. x2
You hit the jackal. You burn the jackal.
The jackal is heavily wounded.
The jackal misses you.
You hit the jackal. You burn the jackal.
The jackal is moderately wounded.
The jackal completely misses you. The jackal barely misses you.
You barely miss the jackal.
The jackal is moderately wounded.
The jackal barely misses you. The jackal closely misses you.
You hit the jackal. You burn the jackal.
The jackal is severely wounded.
The jackal bites you but does no damage.
You hit the jackal. You burn the jackal.
You kill the jackal!
The jackal barely misses you.
You hit the jackal. You burn the jackal.
You kill the jackal!
The jackal closely misses you.
You closely miss the jackal. Your punch misses the jackal.
The jackal barely misses you. The jackal bites you.
You hit the jackal. You burn the jackal.
The jackal is almost dead.
The jackal closely misses you.
You barely miss the jackal.
The jackal is almost dead.
The jackal bites you. The jackal barely misses you.
You hit the jackal. You burn the jackal.
You kill the jackal!
You closely miss the frilled lizard. The frilled lizard closely misses you.
You barely miss the frilled lizard. The frilled lizard barely misses you.
The frilled lizard misses you.
You closely miss the frilled lizard.
The frilled lizard hisses.
The frilled lizard closely misses you.
You closely miss the frilled lizard. Your punch misses the frilled lizard.
The frilled lizard misses you.
You hit the frilled lizard but do no damage.
The frilled lizard bites you.
You hit the frilled lizard. You burn the frilled lizard.
You kill the frilled lizard!
No target in view!
Things that are here:
a frilled lizard corpse; a jackal corpse; a jackal corpse An endoplasm comes into view.
An endoplasm is nearby!
An endoplasm is nearby!
An endoplasm is nearby!
An endoplasm comes into view.
The endoplasm hits you.
You hit the endoplasm but do no damage. The endoplasm freezes you.
You are frozen.
The endoplasm freezes you.
You are frozen.
You hit the endoplasm but do no damage. The endoplasm barely misses you.
You hit the endoplasm. You burn the endoplasm.
The endoplasm is heavily wounded.
The endoplasm hits you.
You hit the endoplasm but do no damage.
The endoplasm is heavily wounded.
The endoplasm barely misses you.
You completely miss the endoplasm.
The endoplasm is heavily wounded.
The endoplasm barely misses you. x2
You hit the endoplasm. You burn the endoplasm.
You kill the endoplasm!
The endoplasm quivers.
You have reached level 2!
Your demonic ancestry asserts itself...
Sharp scales grow over part of your body.
You hit the endoplasm. You burn the endoplasm.
The endoplasm is severely wounded.
The endoplasm hits you.
The endoplasm hits you but does no damage.
You hit the endoplasm. You burn the endoplasm.
You kill the endoplasm!
No target in view!
You enter the shallow water.
Moving in this stuff is going to be slow.
There is a staircase leading out of the dungeon here.
You have escaped!

##### #.###.####. #.#
#.# #. .#######.# #(# #>
## .>.......###.# #.
..~♣♣♣♣♣♣♣♣♣~......####.
.~~≈≈♣≈♣♣♣≈♣~~..........
♣≈~~~~~~~~~≈♣##########
♣≈~~~~~~~~~≈♣
♣≈~~~~@~~~~≈♣
♣♣~~~~~~~~~≈♣
♣≈~~~~~~~~~≈♣
#~~≈♣♣♣≈≈≈♣♣~~.. #.~
♣♣♣♣♣♣~..# #. #### #


There were no monsters in sight!

Vanquished Creatures
  2 endoplasms (D:1)
  A hobgoblin (D:1)
  3 jackals (D:1)
  A bat (D:1)
  2 frilled lizards (D:1)
9 creatures vanquished.

Notes
Turn   | Place    | Note
-------+----------+-------------------------------------------
     0 | D:1      | browni3141 the Demonspawn Cinder Acolyte began the quest
                  | for the Orb.
     0 | D:1      | Reached XP level 1. HP: 18/18 MP: 2/2
   134 | D:1      | Gained mutation: You are partially covered in razor-sharp
                  | scales. (AC +1, Slay +1) [demonic ancestry]
   134 | D:1      | Reached XP level 2. HP: 11/24 MP: 3/3
   171 | D:$      | Got out of the dungeon alive.

Illustrated notes

Levels and vault maps discovered:
D:1:      reono_arrival_forest_river, layout_loops_ring

Action                     || total
---------------------------++-------
  Melee: Mace              ||    42
 Armour: Robe              ||    24
  Dodge: Dodged            ||    34
